 Dungeon Crawl Stone Soup version 0.23.1 (webtiles) character file.

Game seed: 18381182198808268595

646 Borgoz the Skirmisher (level 7, -4/60 HPs)
             Began as a Ghoul Monk on Mar 17, 2019.
             Slain by a sky beast (5 damage)
             ... on level 5 of the Dungeon.
             The game lasted 00:08:11 (4175 turns).

Borgoz the Skirmisher (Ghoul Monk)                  Turns: 4175, Time: 00:08:12

Health: -4/60      AC: 11    Str: 13 (15) XL:     7   Next: 52%
Magic:  0/6        EV: 12    Int:  6 (7)  God:
Gold:   381        SH:  0    Dex: 11      Spells: 6/6 levels left

rFire    . . .     SeeInvis .   a - +0 short sword
rCold    + . .     Gourm    .   (no shield)
rNeg     + + +     Faith    .   q - +0 ring mail
rPois    ∞         Spirit   +   b - +2 helmet
rElec    .         Reflect  .   (no cloak)
rCorr    .         Harm     .   l - +0 pair of gloves
MR       .....                  k - +0 pair of boots
Stlth    ++........             j - amulet of guardian spirit
HPRegen  0.00/turn              (no ring)
MPRegen  0.10/turn              (no ring)

@: rotting, studying Unarmed Combat
A: rotting body, claws 1, carnivore, cold resistance 1, negative energy
resistance 3, inhibited regeneration, torment resistance, unbreathing
a: no special abilities


You were on level 5 of the Dungeon.
You were not hungry.

You visited 1 branch of the dungeon, and saw 6 of its levels.

You collected 381 gold pieces.

Inventory:

Hand Weapons
 a - a +0 short sword (weapon)
Armour
 b - a +2 helmet (worn)
 k - a +0 pair of boots (worn)
 l - a +0 pair of gloves (worn)
 q - a +0 ring mail (worn)
Jewellery
 j - an amulet of guardian spirit (around neck)
Wands
 p - a wand of iceblast (5)
Scrolls
 d - a scroll of fog
 e - 4 scrolls of teleportation
 g - 2 scrolls of identify
 i - 3 scrolls of magic mapping
 m - 4 scrolls of remove curse
 n - 3 scrolls of fear
 t - a scroll of enchant armour
 u - a scroll of amnesia
 v - a scroll of immolation
Potions
 f - a potion of magic
Books
 x - a manual of Unarmed Combat
Comestibles
 c - 8 rations


   Skills:
 + Level 4.4 Fighting
 * Level 4.4 Short Blades
 * Level 3.4 Armour
 * Level 4.4 Dodging
 + Level 4.0 Stealth


You had 6 spell levels left.
You didn't know any spells.
Your spell library was empty.

Dungeon Overview and Level Annotations

Branches:
Dungeon (6/15)             Temple (0/1) D:5

Altars:
Gozag

Annotations:
D:4 3 runed translucent doors, vishdafish's ghost, amateur GnFi


Innate Abilities, Weirdness & Mutations

Your body is rotting away.
You thrive on raw meat.
You are immune to poison.
You have sharp fingernails.
You are carnivorous and can eat meat at any time.
Your flesh is cold resistant. (rC+)
You are immune to negative energy. (rN+++)
You do not regenerate when monsters are visible.
You are immune to unholy pain and torment.
You can survive without breathing.


Message History

The sky beast shocks you.
* * * LOW HITPOINT WARNING * * *
You hit the sky beast.
The sky beast is severely wounded.
The sky beast flickers out of sight!
Deactivating autopickup; reactivate with Ctrl-A.
Something hits you but does no damage.
You closely miss something. You hit something. Something barely misses you.
You hit something but do no damage. Something barely misses you.
You barely miss something. Something hits you.
* * * LOW HITPOINT WARNING * * *
Something shocks you.
* * * LOW HITPOINT WARNING * * *
You miss something. Something hits you but does no damage.
You hit something. Something barely misses you.
You hit something but do no damage. Something hits you.
* * * LOW HITPOINT WARNING * * *
Something shocks you.
You die...

##### ##.#.##...........
####...####.###...##.#######
####............#.#####.#
##...........####.##..>..########
......#.......#####$.............
##.##..............^.###.###.....
##.##.###.#...#####..# #.# #.....
##.##.# #.#...#####h.# #.###.....
##.##.# #.......@{hh.# #.........
##.##.# #.#...#####..# #.#..##.#)
##.##.# #.##.## #..# #.##. #.#.
#.##.# #.# .# ...# . ..#. #(##.#
.# # #h## . P..#. #.. >PP.#. #.h
PP...#. .h ## #


You could see 3 jackals.

Vanquished Creatures
  A centaur (D:6)
  A crocodile (D:5)
  2 scorpions
  A bullfrog skeleton (D:4)
  An orc priest (D:3)
  A hound (D:5)
  Ijyb (D:5)
  An orc wizard (D:3)
  2 worker ants
  5 adders
  3 howler monkey skeletons
  An ooze (D:2)
  5 worms
  3 dart slugs
  3 leopard geckos
  12 orcs
  12 bats
  7 giant cockroaches
  8 goblins
  6 hobgoblins
  7 jackals
  4 quokkas
  A ball python (D:3)
  5 frilled lizards
  2 jackal skeletons (D:5)
  4 kobolds
  5 rats
  A fungus (D:1)
105 creatures vanquished.

Vanquished Creatures (others)
  A fungus (D:1)
  3 toadstools (D:1)
4 creatures vanquished.

Grand Total: 109 creatures vanquished

Notes
Turn   | Place    | Note
-------+----------+-------------------------------------------
     0 | D:1      | Borgoz the Ghoul Monk began the quest for the Orb.
     0 | D:1      | Reached XP level 1. HP: 19/19 MP: 0/0
   114 | D:1      | Reached XP level 2. HP: 26/26 MP: 1/1
   413 | D:1      | Reached skill level 1 in Armour
   422 | D:1      | Reached XP level 3. HP: 18/31 MP: 0/2
  1438 | D:2      | Reached XP level 4. HP: 39/39 MP: 3/3
  2116 | D:3      | Reached XP level 5. HP: 41/46 MP: 2/4
  2677 | D:4      | Reached XP level 6. HP: 25/52 MP: 3/5
  2869 | D:4      | Found an opulent altar of Gozag.
  3075 | D:4      | Noticed vishdafish's ghost (amateur GnFi)
  3096 | D:4      | Found a runed translucent gate.
  3096 | D:4      | Found a runed translucent gate.
  3096 | D:4      | Found a runed translucent gate.
  3283 | D:5      | Entered Level 5 of the Dungeon
  3307 | D:5      | Noticed Ijyb
  3347 | D:5      | Killed Ijyb
  3405 | D:5      | Found a staircase to the Ecumenical Temple.
  3634 | D:5      | Reached XP level 7. HP: 53/58 MP: 6/6
  4172 | D:5      | HP: 3/60 [something (4)]
  4175 | D:5      | HP: 1/60 [something (2)]
  4175 | D:5      | Slain by a sky beast

Skill      XL: |  1  2  3  4  5  6  7 |
---------------+----------------------+-----
Armour         | 1 2 3 |  3.4
Dodging        | 3 4 |  4.4
Short Blades   | 3 4 |  4.4
Stealth        | 3 4 |  4.0
Fighting       | 4 |  4.4

Action                   |  1- 3 |  4- 6 |  7- 9 || total
-------------------------+-------+-------+-------++-------
Melee: Short sword       |   165 |   399 |   129 ||   693
  Use: Potion            |       |     4 |     5 ||     9
       Scroll            |       |       |     8 ||     8
 Stab: Sleeping          |     5 |     6 |       ||    11
       Invisible         |       |     2 |       ||     2
  Eat: Chunk             |    14 |    22 |     4 ||    40
Armor: Robe              |    26 |     5 |       ||    31
       Ring mail         |       |   140 |    43 ||   183
Dodge: Dodged            |    97 |   230 |    62 ||   389
